 Dungeon Sprint DCSS version 0.29-a0-700-g2f1814c7b2 (webtiles) character file.

Game seed: 8563482133133369139

54309 mhtbhm the Ninja (level 14, -17/59 HPs)
             Began as a Spriggan Enchanter on June 25, 2022.
             Was the Champion of Dithmenos.
             Killed from afar by an ironbound thunderhulk (53 damage)
             ... with a bolt of lightning
             ... in the Dungeon (Sprint IX: "|||||||||||||||||||||||||||||").
             The game lasted 00:14:26 (6327 turns).

mhtbhm the Ninja (Spriggan Enchanter)               Turns: 6327, Time: 00:14:26

Health: -17/59     AC:  4    Str:  7    XL:     14   Next: 34%
Magic:  25/40      EV: 26    Int: 20    God:    Dithmenos [******]
Gold:   181        SH:  0    Dex: 20    Spells: 45/56 levels left

rFire   . . .      SeeInvis +   a - +3 quick blade
rCold   . . .      Faith    .   (no shield)
rNeg    . . .      Spirit   .   b - +0 robe
rPois   +          Reflect  .   (helmet restricted)
rElec   .          Harm     .   u - +1 cloak {rPois}
rCorr   .          Rampage  .   (gloves unavailable)
Will    ++...      NoTele   +   (boots unavailable) Stlth *********+
                                (no amulet)
HPRegen 0.19/turn               k - +3 ring of intelligence
MPRegen 0.27/turn               l - +3 ring of strength

@: wreathed by umbra, very quick
A: very small, no large weapons, unfitting armour, see invisible, speed 3
a: Renounce Religion, Shadow Step, Shadow Form


You were in the Dungeon.
You worshipped Dithmenos.
Dithmenos was exalted by your worship.
You visited 1 branch You collected 1926 gold pieces.
You spent 1745 gold pieces at shops.

Inventory:

Hand Weapons
 a - a +3 quick blade (weapon)
Missiles
 C - 3 throwing nets (quivered)
Armour
 b - a +0 robe (worn)
 u - a +1 cloak of poison resistance (worn)
Jewellery
 k - a +3 ring of intelligence (left hand)
 l - a +3 ring of strength (right hand)
 v - the ring of Jamy {rN+ Will- Str+6 Dex+2}
   (You bought it in a shop in the Dungeon)

   [ring of strength]

   Str:       It affects your strength (+6).
   Dex:       It affects your dexterity (+2).
   rN:        It protects you from negative energy.
   Will:      It decreases your willpower.
 w - a ring of protection from fire
 x - a ring of protection from fire
 y - a ring of willpower
 z - a ring of willpower
 A - a ring of willpower
 B - a ring of ice
Wands
 j - a wand of acid (7)
Scrolls
 h - 2 scrolls of amnesia
 i - 2 scrolls of blinking
 p - 3 scrolls of fog
 q - 6 scrolls of enchant armour
 r - 3 scrolls of identify
 s - 2 scrolls of fear
Potions
 c - 2 potions of invisibility
 d - 8 potions of curing
 e - 4 potions of heal wounds
 f - a potion of haste
 g - 4 potions of magic
 m - a potion of mutation
 n - 2 potions of berserk rage
 o - 2 potions of resistance
 t - a potion of ambrosia


   Skills:
 + Level 12.4 Short Blades
 + Level 10.7 Dodging
 O Level 27 Stealth
 + Level 21.6 Spellcasting
 + Level 3.2 Conjurations
 + Level 21.5 Hexes
 + Level 11.6 Ice Magic
 * Level 18.2 Invocations
 + Level 4.0 Evocations


You had 45 spell levels left.
You knew the following spells:

 Your Spells              Type           Power      Damage    Failure   Level
a - Ensorcelled Hibernat  Hex/Ice        100%       N/A       0%          2
b - Confusing Touch       Hex            82%        N/A       0%          3
c - Tukima's Dance        Hex            82%        N/A       0%          3
d - Dazzling Flash        Conj/Hex       100%       N/A       1%          3

Your spell library contained the following spells:

 Spells                   Type           Power      Damage    Failure   Level
 Static Discharge         Conj/Air       28%        N/A       1%          2
 Sandblast                Erth           42%        2d11      2%          1
 Lehudib's Crystal Spear  Conj/Erth      14%        10d5      100%        8
 Shatter                  Erth           10%        3d12*     100%        9


Dungeon Overview and Level Annotations

Branches:
Dungeon (1/1)

Altars:
Cheibriados
Dithmenos
Elyvilon
Fedhas
Gozag
Hepliaklqana
Kikubaaqudgha
Makhleb
Nemelex Xobeh
Okawaru
Qazlal
Ru
Sif Muna
Trog
Uskayaw
Vehumet
Wu Jian
Xom
Yredelemnul
Zin
The Shining One
Beogh
Jiyva
Lugonu

Shops:
D [[=[


Innate Abilities, Weirdness & Mutations

You are very small and have problems with some larger weapons.
You are too small for most types of armour.
You have supernaturally acute eyesight. (SInv)
You cover ground extremely quickly. (Speed+++)


Message History

Confirm with . or Enter, or press ? or * to list all spells.
Aiming: Ensorcelled Hibernation (safe; 0% risk of failure)
Press: ? - help, Shift-Dir - straight line, f/p - centaur warrior
Aim: a centaur warrior (black smoke, umbra, chance to affect: 54%)
The centaur warrior looks drowsy...
Unknown command.
The helpless centaur warrior fails to defend itself.
You stick the centaur warrior like a pincushion!!!!!
You kill the centaur warrior!
Dithmenos accepts your kill.
Unknown command.
Okay, then.
Casting: Ensorcelled Hibernation (safe; 0% risk of failure)
Confirm with . or Enter, or press ? or * to list all spells.
Aiming: Ensorcelled Hibernation (safe; 0% risk of failure)
Press: ? - help, Shift-Dir - straight line, f - centaur warrior
Aim: a centaur warrior (black smoke, umbra, chance to affect: 54%)
The centaur warrior looks drowsy...
Your shadow mimicks your spell!
The centaur warrior is unaffected.
Unknown command.
There is an open door to the Vaults, spattered with blood here.
Things that are here:
a +0 longbow; a centaur corpse The helpless centaur warrior fails to defend itself.
You stick the centaur warrior like a pincushion!!!!!
You kill the centaur warrior!
Dithmenos accepts your kill.
Unknown command.
Casting: Ensorcelled Hibernation (safe; 0% risk of failure)
Confirm with . or Enter, or press ? or * to list all spells.
Aiming: Ensorcelled Hibernation (safe; 0% risk of failure)
Press: ? - help, Shift-Dir - straight line, f - orc warlord
Aim: an orc warlord, wielding a +2 battleaxe and wearing a +2 plate armour of willpower (black smoke, umbra, chance to affect: 10%)
Okay, then.
Your +0 dire flail closely misses the ironbound thunderhulk.
Electricity crackles from the ironbound thunderhulk's apparatus.
The bolt of lightning hits you!!!
Ouch! That really hurt!
You die...

▓.▓.▓'▓.▓[▓.▓.▓.▓.
▓.▓.▓)▓.▓[▓.▓)▓.▓.
▓.▓.▓.▓.▓[▓.▓'▓.▓†
▓)▓.▓)▓.▓[▓.▓)▓.▓.
▓O▓.▓)▓.▓[▓.▓)▓.▓.
▓(▓)▓)▓.▓[▓.▓)▓.▓.
▓.▓.▓)▓.▓[▓.▓)▓.▓'
▓§▓.▓[▓.▓.▓.▓)▓.▓.
▓@▓.▓.▓.▓.▓.▓.▓.▓†
▓§▓.▓.▓.▓.▓.▓.▓.▓.
▓§▓.♣'♣.▓.▓.▓.▓.▓†
▓§▓.♣.♣.▓.▓.▓.▓.▓.
▓§▓.♣.♣.▓.▓.▓.▓.▓.
▓o▓.♣.♣.▓.▓.▓)▓.▓.
▓.▓.♣.♣.▓.▓.▓.▓.▓.
▓o▓.♣.♣.▓.▓.▓'▓.▓.
▓p▓.♣.♣.▓[▓.▓)▓.▓'


You could see an ironbound thunderhulk (ally target) and a friendly +0 dire
flail.

Vanquished Creatures
  A tengu reaver (D)
  3 fire giants (D)
  A frost giant (D)
  A stone giant (D)
  4 very ugly things (D)
  A broodmother (D)
  A merfolk impaler (D)
  An ettin (D)
  A bunyip (D)
  Harold (D)
  3 hydras (D)
  4 ice dragons (D)
  2 ogre magi (D)
  3 centaur warriors (D)
  A radroach (D)
  A two-headed ogre (D)
  A deep troll shaman (D)
  A deep troll earth mage (D)
  6 orc high priests (D)
  A naga sharpshooter (D)
  2 pharaoh ants (D)
  A sea snake (D)
  A steelbarb worm (D)
  A flayed ghost (D)
  3 swamp dragons (D)
  2 glowing orange brains (D)
  A glowing orange brain (shapeshifter) (D)
  2 spriggan druids (D)
  14 orc knights (D)
  A necromancer (D)
  4 ugly things (D)
  An orc sorcerer (D)
  2 will-o-the-wisps (D)
  3 manticores (D)
  A cyclops (D)
  A merfolk siren (D)
  2 naga magi (D)
  5 black mambas (D)
  8 cane toads (D)
  Joseph (D)
  A torpor snail (D)
  An unseen horror (D)
  3 merfolk (D)
  2 tyrant leeches (D)
  2 trolls (D)
  A polar bear (D)
  A blink frog (D)
  A slime creature (D)
  2 jumping spiders (D)
  A shadow (D)
  A water elemental (D)
  Grum (D)
  A redback (D)
  2 wraiths (D)
  A yak (D)
  3 vampire mosquitoes (D)
  4 basilisks (D)
  A steam dragon (D)
  A naga (D)
  A floating eye (D)
  3 water moccasins (D)
  A swamp drake (D)
  7 orc warriors (D)
  4 wolves (D)
  A phantom (D)
  2 bullfrogs (D)
  A scorpion (D)
  A gnoll sergeant (D)
  A necrophage (D)
  An orc priest (D)
  An iguana (D)
  4 orc wizards (D)
  An adder (D)
  8 orcs (D)
  A goblin (D)
  A ball python (D)
  3 rats (D)
166 creatures vanquished.

Vanquished Creatures (collateral kills)
  A wight (D)
1 creature vanquished.

Vanquished Creatures (others)
  A dancing weapon (D)
  5 foxfires (D)
6 creatures vanquished.

Grand Total: 173 creatures vanquished

Notes
Turn   | Place    | Note
-------+----------+-------------------------------------------
     0 | D        | mhtbhm the Spriggan Enchanter began the quest for the Orb.
     0 | D        | Reached XP level 1. HP: 9/9 MP: 5/5
     8 | D        | Reached skill level 5 in Stealth
    16 | D        | Noticed a phantom
    16 | D        | Noticed a scorpion
    16 | D        | Noticed an iguana
    16 | D        | Noticed a necrophage
    25 | D        | Killed a phantom
    26 | D        | Reached skill level 9 in Stealth
    26 | D        | Reached XP level 2. HP: 13/13 MP: 5/8
    26 | D        | Reached XP level 3. HP: 16/16 MP: 6/10
    26 | D        | Reached XP level 4. HP: 21/21 MP: 6/11
    26 | D        | Killed a scorpion
    27 | D        | Reached skill level 10 in Stealth
    27 | D        | Reached skill level 5 in Spellcasting
    27 | D        | Reached XP level 5. HP: 24/24 MP: 7/14
    30 | D        | Reached skill level 11 in Stealth
    36 | D        | Reached skill level 5 in Dodging
    36 | D        | Reached skill level 12 in Stealth
    41 | D        | Found a snail-covered altar of Cheibriados.
    41 | D        | Found a shadowy altar of Dithmenos.
    41 | D        | Found a white marble altar of Elyvilon.
    41 | D        | Found a blossoming altar of Fedhas.
    41 | D        | Found an opulent altar of Gozag.
    42 | D        | Found a hazy altar of Hepliaklqana.
    43 | D        | Found a viscous altar of Jiyva.
    44 | D        | Found an ancient bone altar of Kikubaaqudgha.
    45 | D        | Found a corrupted altar of Lugonu.
    46 | D        | Found a burning altar of Makhleb.
    47 | D        | Found a sparkling altar of Nemelex Xobeh.
    50 | D        | Became a worshipper of Dithmenos the Shadowed
    78 | D        | Found an iron altar of Okawaru.
    79 | D        | Found a stormy altar of Qazlal.
    80 | D        | Found a sacrificial altar of Ru.
    81 | D        | Found a shimmering blue altar of Sif Muna.
    82 | D        | Found a bloodstained altar of Trog.
    83 | D        | Found a hide-covered altar of Uskayaw.
    84 | D        | Found a radiant altar of Vehumet.
    85 | D        | Found an ornate altar of the Wu Jian Council.
    86 | D        | Found a shimmering altar of Xom.
    87 | D        | Found a basalt altar of Yredelemnul.
    88 | D        | Found a glowing silver altar of Zin.
    89 | D        | Found a glowing golden altar of the Shining One.
   115 | D        | Noticed a shadow
   115 | D        | Noticed a wraith
   115 | D        | Noticed a troll
   115 | D        | Noticed a two-headed ogre
   120 | D        | Killed a shadow
   121 | D        | Reached skill level 14 in Stealth
   121 | D        | Reached skill level 1 in Evocations
   121 | D        | Reached XP level 6. HP: 28/28 MP: 14/16
   121 | D        | Killed a wraith
   121 | D        | Reached * piety under Dithmenos
   121 | D        | Killed a troll
   122 | D        | Reached skill level 5 in Short Blades
   122 | D        | Reached skill level 16 in Stealth
   122 | D        | Reached skill level 10 in Hexes
   122 | D        | Reached XP level 7. HP: 32/32 MP: 14/18
   175 | D        | Learned a level 2 spell: Ensorcelled Hibernation
   179 | D        | Learned a level 3 spell: Confusing Touch
   183 | D        | Learned a level 3 spell: Tukima's Dance
   187 | D        | Learned a level 3 spell: Dazzling Flash
   221 | D        | Killed a two-headed ogre
   222 | D        | Reached skill level 17 in Stealth
   222 | D        | Reached XP level 8. HP: 36/36 MP: 6/21
   232 | D        | Reached ** piety under Dithmenos
   345 | D        | Noticed a cyclops
   345 | D        | Noticed an unseen horror
   345 | D        | Noticed a centaur warrior
   345 | D        | Noticed a troll
   347 | D        | Killed a cyclops
   348 | D        | Reached skill level 18 in Stealth
   348 | D        | Reached skill level 1 in Ice Magic
   349 | D        | Killed an unseen horror
   350 | D        | Reached XP level 9. HP: 39/39 MP: 22/22
   351 | D        | Killed a centaur warrior
   351 | D        | Reached *** piety under Dithmenos
   352 | D        | Reached skill level 19 in Stealth
   354 | D        | Reached skill level 20 in Stealth
   368 | D        | Killed a troll
   501 | D        | Got Lehudib's Papyrus of Conjuration and the Rocks
   514 | D        | Noticed a cane toad
   514 | D        | Noticed a cane toad
   515 | D        | Noticed a cane toad
   516 | D        | Reached **** piety under Dithmenos
   518 | D        | Killed a cane toad
   519 | D        | Noticed a polar bear
   523 | D        | Reached skill level 21 in Stealth
   523 | D        | Reached skill level 10 in Spellcasting
   524 | D        | Killed a cane toad
   525 | D        | Reached XP level 10. HP: 44/44 MP: 23/25
   535 | D        | Reached ***** piety under Dithmenos
   537 | D        | Killed a cane toad
   878 | D        | Reached skill level 22 in Stealth
   989 | D        | Noticed a five-headed hydra
   991 | D        | Killed a five-headed hydra
   994 | D        | Noticed a six-headed hydra
   999 | D        | Reached skill level 10 in Invocations
  1003 | D        | Reached ****** piety under Dithmenos
  1017 | D        | Killed a six-headed hydra
  1018 | D        | Reached skill level 23 in Stealth
  1126 | D        | Noticed a cane toad
  1126 | D        | Noticed a cane toad
  1126 | D        | Noticed a cane toad
  1126 | D        | Noticed a cane toad
  1127 | D        | Noticed a cane toad
  1128 | D        | Killed a cane toad
  1130 | D        | Killed a cane toad
  1132 | D        | Killed a cane toad
  1134 | D        | Killed a cane toad
  1135 | D        | Reached skill level 24 in Stealth
  1135 | D        | Reached XP level 11. HP: 47/47 MP: 22/28
  1290 | D        | Noticed Grum
  1305 | D        | Killed Grum
  1423 | D        | Noticed an orc high priest
  1436 | D        | Killed an orc high priest
  1546 | D        | Noticed an orc knight
  1546 | D        | Noticed an orc knight
  1547 | D        | Noticed an orc sorcerer
  1549 | D        | Noticed an orc knight
  1550 | D        | Killed an orc knight
  1551 | D        | Reached skill level 25 in Stealth
  1551 | D        | Reached skill level 5 in Ice Magic
  1638 | D        | Killed an orc knight
  1649 | D        | Killed an orc sorcerer
  1653 | D        | Killed an orc knight
  1915 | D        | Found Tettuzan's Armour Emporium.
  1915 | D        | Noticed an orc knight
  1915 | D        | Noticed an orc knight
  1915 | D        | Noticed an orc high priest
  1915 | D        | Noticed an orc high priest
  1915 | D        | Noticed an orc knight
  1916 | D        | Noticed an orc high priest
  1917 | D        | Killed an orc knight
  1918 | D        | Found Higum's Armour Shoppe.
  1919 | D        | Killed an orc knight
  1920 | D        | Reached skill level 26 in Stealth
  1920 | D        | Reached skill level 15 in Hexes
  1920 | D        | Noticed an orc high priest
  1921 | D        | Killed an orc high priest
  1922 | D        | Found Jimn's Jewellery Emporium.
  1923 | D        | Killed an orc high priest
  1924 | D        | Noticed an orc knight
  1925 | D        | Killed an orc knight
  1926 | D        | Found Zeudisme's Antique Armour Shoppe.
  1927 | D        | Noticed an orc knight
  1928 | D        | Killed an orc high priest
  1929 | D        | Noticed an orc high priest
  1930 | D        | Noticed an orc knight
  1931 | D        | Killed an orc high priest
  1932 | D        | Reached XP level 12. HP: 51/51 MP: 29/31
  1935 | D        | Reached skill level 27 in Stealth
  1935 | D        | Reached skill level 1 in Conjurations
  1939 | D        | Killed an orc high priest
  1946 | D        | Reached skill level 10 in Short Blades
  1999 | D        | Bought a +1 cloak of poison resistance for 189 gold pieces
  2010 | D        | Bought the ring of Jamy {rN+ Will- Str+6 Dex+2} for 906
                  | gold pieces
  2010 | D        | Bought a ring of protection from fire for 325 gold pieces
  2010 | D        | Bought a ring of protection from fire for 325 gold pieces
  2046 | D        | Noticed Joseph
  2054 | D        | Killed Joseph
  2163 | D        | Noticed an ogre mage
  2163 | D        | Noticed an ogre mage
  2173 | D        | Reached skill level 15 in Spellcasting
  2175 | D        | Killed an ogre mage
  2186 | D        | Killed an ogre mage
  2706 | D        | Noticed a cyan very ugly thing
  2707 | D        | Noticed a green very ugly thing
  2724 | D        | Killed a cyan very ugly thing
  2725 | D        | Reached skill level 15 in Invocations
  2738 | D        | Killed a green very ugly thing
  2958 | D        | Noticed a radroach
  2962 | D        | Noticed a broodmother
  2964 | D        | Reached XP level 13. HP: 55/55 MP: 34/34
  3204 | D        | Killed a broodmother
  3809 | D        | Noticed a bunyip
  3813 | D        | Killed a bunyip
  4616 | D        | Noticed a merfolk impaler
  4620 | D        | Killed a merfolk impaler
  4986 | D        | Reached skill level 10 in Ice Magic
  5518 | D        | Noticed Harold
  5525 | D        | Killed Harold
  5575 | D        | Noticed a frost giant
  5575 | D        | Noticed a tengu reaver
  5575 | D        | Noticed a fire giant
  5576 | D        | Noticed a purple very ugly thing
  5581 | D        | Killed a frost giant
  5582 | D        | Noticed a cyan very ugly thing
  5585 | D        | Killed a tengu reaver
  5587 | D        | Killed a fire giant
  5588 | D        | Reached skill level 10 in Dodging
  5588 | D        | Noticed a fire giant
  5589 | D        | Killed a purple very ugly thing
  5590 | D        | Reached XP level 14. HP: 41/59 MP: 37/39
  6120 | D        | Noticed a fire giant
  6121 | D        | Noticed a stone giant
  6122 | D        | Killed a cyan very ugly thing
  6126 | D        | Killed a fire giant
  6140 | D        | Killed a fire giant
  6148 | D        | Killed a stone giant
  6312 | D        | Noticed an ironbound thunderhulk
  6312 | D        | Noticed an orc warlord
  6327 | D        | Killed from afar by an ironbound thunderhulk

Illustrated notes

Levels and vault maps discovered:
D:        linesprint [early_d, line_temple, items_1, d_10, items_2, lair_1,
          lair_end, items_3, orc_1, orc_end, items_4, d_15, swamp_1, shoals_1,
          snake_1, spider_1, d_20, vaults_1, items_5, swamp_end, shoals_end,
          snake_end, spider_end, vaults_end, d_27, items_6, zot_1, zot_end,
          crypt_end, forest_end, elf_end, slime_end, tomb_end, abyss_end,
          pan_hell_end]

Skill      XL: |  1  2  3  4  5  6  7  8  9 10 11 12 13 14 |
---------------+-------------------------------------------+-----
Stealth        | 9 10 14 16 17 18 21 24 26 27 | 27.0
Hexes          | 6 7 9 10 11 12 13 15 17 20 21 | 21.5
Spellcasting   | 4 5 6 7 8 10 12 14 16 20 21 | 21.6
Dodging        | 4 5 6 7 8 9 10 | 10.7
Short Blades   | 2 4 5 6 8 9 11 12 | 12.4
Invocations    | 2 4 6 7 9 10 13 15 17 18 | 18.2
Evocations     | 1 2 3 4 |  4.0
Ice Magic      | 1 2 4 6 8 10 11 | 11.6
Conjurations   | 1 2 3 |  3.2

Action                   |  1- 3 |  4- 6 |  7- 9 | 10-12 | 13-15 || total
-------------------------+-------+-------+-------+-------+-------++-------
Melee: Dagger            |    13 |    10 |    16 |    61 |       ||   100
       Short sword       |       |       |       |    31 |       ||    31
       Punch             |       |       |       |     2 |     1 ||     3
       Quick blade       |       |       |       |    56 |   146 ||   202
 Cast: Tukima's Dance    |       |       |     4 |       |     1 ||     5
       Ensorcelled Hiber |       |       |     4 |    69 |    65 ||   138
       Confusing Touch   |       |       |     1 |     7 |     6 ||    14
       Dazzling Flash    |       |       |       |     6 |    18 ||    24
Evoke: Wand              |       |     3 |       |       |       ||     3
  Use: Potion            |     2 |       |       |       |     3 ||     5
 Stab: Sleeping          |     4 |       |    11 |    72 |    45 ||   132
       Invisible         |     1 |     4 |       |     4 |    17 ||    26
       Confused          |       |       |     1 |     6 |       ||     7
Armor: Robe              |     1 |       |       |     2 |     3 ||     6
Dodge: Dodged            |     9 |     6 |     5 |    60 |    51 ||   131

Table legend: (Time is in decaauts)
 A = Elapsed time spent in this place.
 B = Non-inter-level travel time spent in this place.
 C = Inter-level travel time spent in this place.
 D = Time resting spent in this place.
 E = Time spent auto-exploring this place.
 F = Levels seen in this place.
 G = Mean time per level.
                   A        B        C        D        E       F      G
               +--------+--------+--------+--------+--------+-----+--------+
         Total |   5419 |   5419 |      0 |   2554 |   1747 |   1 | 5419.0 |
       Dungeon |   5419 |   5419 |      0 |   2554 |   1747 |   1 | 5419.0 |
               +--------+--------+--------+--------+--------+-----+--------+

Top non-repeatable levels by time:
       D: 5419 daAuts
